Moose vs Penguins

Created - January 29, 2025 at 19:02

Goals
1 2 3 T
Moose 3 2 2 7
Penguins 2 1 1 4
Shots
1 2 3 T
Moose 15 7 8 30
Penguins 15 16 7 38

1st period

1. Penguins , Juuso Ikonen 1 (Denis Malgin 25) at 0:44
2. Moose , Nick Paul 19 (Josh Mahura 12, Filip Gustavsson) at 1:46
3. Moose , Jake Leschyshyn 16 (Nick Paul 23) at 3:30
4. Moose , Axel Jonsson-Fjallby 13 (Lukas Rousek 7, Riley Damiani 1) at 5:04
5. Penguins , Dakota Mermis 8 (Denis Malgin 26, Matthew Finn 19) at 12:42 (PP)

Penalties :
Logan O'Connor (Man) for Cross-checking (Minor) at 11:01, Jake Leschyshyn (Man) for Holding (Minor) at 17:30

2nd period

6. Moose , Axel Jonsson-Fjallby 14 (Matthew Benning 24, Juuso Valimaki 28) at 9:44 (PP)
7. Penguins , Clayton Keller 17 (Jesperi Kotkaniemi 16) at 13:57 (PP)
8. Moose , Logan O'Connor 11 (Nelson Nogier 1, Axel Jonsson-Fjallby 6) at 15:21

Penalties :
Matthew Boldy (Wil) for Boarding (Minor) at 9:29, Juuso Valimaki (Man) for Slashing (Minor) at 10:29, Nelson Nogier (Man) for Roughing (Minor) at 13:55, Josh Ho-Sang (Wil) for Roughing (Minor) at 17:51

3rd period

9. Moose , Logan O'Connor 12 (Mitchell Stephens 3, Vinni Lettieri 14) at 2:55
10. Penguins , Philipp Kurashev 10 (Evan Rodrigues 16, Juuso Ikonen 1) at 9:30
11. Moose , Logan O'Connor 13 (Mitchell Stephens 4, Juuso Valimaki 29) at 11:02

Penalties :
Nick Paul (Man) for Tripping (Minor) at 0:24, Juuso Valimaki (Man) for Roughing (Minor) at 3:45, Jesperi Kotkaniemi (Wil) for Hooking (Minor) at 11:05, Jesperi Kotkaniemi (Wil) for Hooking (Minor) at 16:24

Goalie Stats

Filip Gustavsson (Man), 34 saves from 38 shots - (0.895), W, 17-12-2, 60:00 minutes
Anthony Stolarz (Wil), 14 saves from 18 shots - (0.778), 29:44 minutes
Spencer Knight (Wil), 9 saves from 12 shots - (0.750), L, 7-7-2, 30:16 minutes

Players Stats for Moose

Player Name              G  A  P  +/- PIM S  H  SB GA TA FO     MP     PP MP  PK MP  
------------------------------------------------------------------------------------
Adam Ginning             0  0  0   2  0   0  1  2  0  0  0/0    12:01   0:00   1:46 
Aliaksei Protas          0  0  0   1  0   0  0  0  0  0  1/2    12:01   0:00   2:43 
Axel Jonsson-Fjallby     2  1  3   2  0   6  1  0  1  0  1/1    20:17   2:19   1:27 
Boris Katchouk           0  0  0   0  0   2  0  1  1  0  0/0     5:58   0:00   1:24 
Jake Leschyshyn          1  0  1   1  2   2  4  0  1  0  14/26  18:55   2:51   2:18 
Jaret Anderson-Dolan     0  0  0   0  0   0  2  0  0  0  2/2     6:24   0:00   0:00 
Joey Keane               0  0  0   2  0   1  1  0  0  0  0/0    10:15   0:00   0:00 
Jonny Tychonick          0  0  0   0  0   0  0  0  0  0  0/0     2:15   0:00   0:44 
Josh Mahura              0  1  1   3  0   2  1  0  0  0  0/0    20:06   2:28   3:23 
Juuso Valimaki           0  2  2  -1  4   1  2  0  1  2  0/0    25:41   3:44   3:46 
Logan O'Connor           3  0  3   2  2   5  1  1  0  0  1/1    19:03   3:07   2:11 
Lukas Rousek             0  1  1   2  0   1  0  0  0  0  0/0    12:23   1:16   0:00 
Matthew Benning          0  1  1  -1  0   0  0  1  0  2  0/0    29:23   3:44   6:05 
Mitchell Stephens        0  2  2   2  0   0  0  1  0  1  6/11   16:59   3:07   0:00 
Nelson Nogier            0  1  1   3  2   3  1  1  0  1  0/0    20:21   2:28   3:34 
Nick Paul                1  1  2   1  2   5  3  0  0  0  3/9    25:22   2:51   3:06 
Riley Damiani            0  1  1   1  0   1  0  0  0  0  6/11   10:50   0:00   0:48 
Vinni Lettieri           0  1  1   0  0   1  1  0  0  0  1/2    22:01   3:05   5:21 

Players Stats for Penguins

Player Name              G  A  P  +/- PIM S  H  SB GA TA FO     MP     PP MP  PK MP  
------------------------------------------------------------------------------------
Artemi Kniazev           0  0  0  -1  0   1  0  0  0  0  0/0    12:15   0:00   0:00 
Bowen Byram              0  0  0  -1  0   1  0  1  0  0  0/0    12:15   0:00   0:00 
Clayton Keller           1  0  1  -1  0   4  2  0  0  0  1/2    20:03   5:10   0:00 
Dakota Mermis            1  0  1  -1  0   4  2  3  0  1  0/0    28:45   5:50   4:06 
Denis Malgin             0  2  2  -1  0   4  2  0  0  0  11/13  13:28   0:21   3:22 
Dmitry Voronkov          0  0  0  -1  0   2  1  0  0  0  0/3     8:49   0:00   0:23 
Evan Rodrigues           0  1  1  -1  0   1  2  1  0  1  0/2    18:28   4:08   3:16 
Jesper Boqvist           0  0  0  -1  0   0  2  0  1  0  0/0    15:11   4:08   0:00 
Jesperi Kotkaniemi       0  1  1  -1  4   1  1  0  1  0  15/34  20:51   5:10   0:48 
Josh Ho-Sang             0  0  0  -1  2   0  1  0  0  0  0/1    10:06   0:21   0:00 
Juuso Ikonen             1  1  2  -1  0   4  2  0  1  1  0/1    11:43   0:21   1:36 
Marc Del Gaizo           0  0  0  -2  0   2  2  1  1  0  0/0    19:00   3:49   2:06 
Matthew Boldy            0  0  0  -1  2   2  0  0  1  0  1/3    20:02   5:10   0:00 
Matthew Finn             0  1  1  -1  0   2  2  3  0  0  0/0    28:45   5:50   4:06 
Noah Dobson              0  0  0  -2  0   1  1  0  0  1  0/0    19:00   3:49   2:06 
Philipp Kurashev         1  0  1  -1  0   5  3  0  0  0  2/6    16:51   4:08   1:39 
Sampo Ranta              0  0  0  -1  0   3  1  1  1  0  0/0     9:46   0:00   1:20 
Valtteri Puustinen       0  0  0  -1  0   1  2  1  0  0  0/0     8:26   0:00   0:00 

3 Stars

1 - Logan O'Connor (Man)
2 - Axel Jonsson-Fjallby (Man)
3 - Nick Paul (Man)

Power Play

Moose - 1 on 4 Attempt(s) - 25.00%
Penguins - 2 on 6 Attempt(s) - 33.33%

Penalty Kill

Moose - 4 on 6 Attempt(s) - 66.67% - Score 0 goal in Penalty Kill
Penguins - 3 on 4 Attempt(s) - 75.00% - Score 0 goal in Penalty Kill

Team Stat

Moose - Hits : 18 - Faceoff Wins : 35 - Blocked Shots : 7 - Penalty Minutes : 12
Penguins - Hits : 26 - Faceoff Wins : 30 - Blocked Shots : 11 - Penalty Minutes : 8

Official

Referees : Eric Furlatt and Jon McIsaac
Linesman : Steve Miller and Kyle Flemington

Game Notes

Boris Katchouk is injured at 0:33 of 2nd period (Right Hand)
Spencer Knight enters game at 9:44 of 2nd period
Logan O'Connor has scored a Hat Trick!

Finance

Level 1 -- Attendance: 1843 (92.15%) -- Ticket Income $129,010
Level 2 -- Attendance: 962 (96.20%) -- Ticket Income $38,480
Total Attendance: 2805 (93.50%)
Total Ticket Income: $167,490
Other Income: $8,374
Total Income: $175,864

Moose

5 vs 5 Forward 
   Center                   Left Wing                Right Wing               Time % Phy DF OF 
 1 Jake Leschyshyn          Nick Paul                Vinni Lettieri           40     1   2  2  
 2 Mitchell Stephens        Boris Katchouk           Logan O'Connor           30     1   2  2  
 3 Riley Damiani            Axel Jonsson-Fjallby     Lukas Rousek             20     1   2  2  
 4 Jaret Anderson-Dolan     Nick Paul                Aliaksei Protas          10     1   2  2  

5 vs 5 Defense 
   Defense                  Defense                                           Time % Phy DF OF 
 1 Matthew Benning          Juuso Valimaki                                    40     1   2  2  
 2 Nelson Nogier            Josh Mahura                                       30     1   2  2  
 3 Joey Keane               Adam Ginning                                      20     1   2  2  
 4 Jonny Tychonick          Matthew Benning                                   10     1   2  2  

PowerPlay Forward 
   Center                   Left Wing                Right Wing               Time % Phy DF OF 
 1 Jake Leschyshyn          Nick Paul                Vinni Lettieri           60     1   2  2  
 2 Mitchell Stephens        Boris Katchouk           Logan O'Connor           40     1   2  2  

PowerPlay Defense
   Defense                  Defense                                           Time % Phy DF OF 
 1 Matthew Benning          Juuso Valimaki                                    60     1   2  2  
 2 Nelson Nogier            Josh Mahura                                       40     1   2  2  

Penalty Kill 4 Players Forward 
   Center                   Wing                     Time % Phy DF OF 
 1 Nick Paul                Vinni Lettieri           60     1   2  2  
 2 Logan O'Connor           Boris Katchouk           40     1   2  2  

Penalty Kill 4 Players Defense
   Defense                  Defense                  Time % Phy DF OF 
 1 Matthew Benning          Juuso Valimaki           60     1   2  2  
 2 Nelson Nogier            Josh Mahura              40     1   2  2  

Penalty Kill - 3 Players Forward 
   Forward                                           Time % Phy DF OF 
 1 Nick Paul                                         60     1   2  2  
 2 Vinni Lettieri                                    40     1   2  2  

Penalty Kill - 3 Players Defense
   Defense                  Defense                  Time % Phy DF OF 
 1 Matthew Benning          Juuso Valimaki           60     1   2  2  
 2 Nelson Nogier            Josh Mahura              40     1   2  2  

4 vs 4 Forward 
   Center                   Wing                     Time % Phy DF OF 
 1 Nick Paul                Vinni Lettieri           60     1   2  2  
 2 Logan O'Connor           Boris Katchouk           40     1   2  2  

4 vs 4 Defense
   Defense                  Defense                  Time % Phy DF OF 
 1 Matthew Benning          Juuso Valimaki           60     1   2  2  
 2 Nelson Nogier            Josh Mahura              40     1   2  2  

Last Minutes Offensive
   Center                   Left Wing                Right Wing               Defense                  Defense                  
   Jake Leschyshyn          Nick Paul                Vinni Lettieri           Matthew Benning          Juuso Valimaki           

Last Minutes Defensive
   Center                   Left Wing                Right Wing               Defense                  Defense                  
   Jake Leschyshyn          Nick Paul                Vinni Lettieri           Matthew Benning          Juuso Valimaki           

Goaltenders
Starting : Filip Gustavsson         
Backup : Daniel Vladar            

Extra Forwards
Normal : Axel Jonsson-Fjallby, Lukas Rousek, Aliaksei Protas - PP : Axel Jonsson-Fjallby, Lukas Rousek - PK : Aliaksei Protas
Extra Defensemen
Normal : Joey Keane, Adam Ginning, Jonny Tychonick - PP : Joey Keane - PK : Adam Ginning, Jonny Tychonick
Penalty Shots
Nick Paul, Vinni Lettieri, Logan O'Connor, Boris Katchouk, Jake Leschyshyn
Custom OT Lines Forwards
Nick Paul, Vinni Lettieri, Logan O'Connor, Boris Katchouk, Jake Leschyshyn, Mitchell Stephens, Axel Jonsson-Fjallby, Lukas Rousek, Aliaksei Protas, Riley Damiani
Custom OT Lines Defensemen
Matthew Benning, Juuso Valimaki, Nelson Nogier, Josh Mahura, Joey Keane

Scratches
Anders Bjork (Healthy), Eetu Luostarinen (Suspend), Caleb Jones (Broken Bone (Right Leg) Injury), Alexander Khovanov (Healthy), Kristian Vesalainen (Healthy)
Max Jones (Healthy), Nathan Bastian (Healthy), William Bitten (Healthy), Jonatan Berggren (Healthy), Juuso Parssinen (Healthy)
Olle Eriksson Ek (Healthy), Karel Vejmelka (Healthy)

Penguins

5 vs 5 Forward 
   Center                   Left Wing                Right Wing               Time % Phy DF OF 
 1 Jesperi Kotkaniemi       Matthew Boldy            Clayton Keller           40     1   2  2  
 2 Philipp Kurashev         Evan Rodrigues           Jesper Boqvist           30     1   2  2  
 3 Denis Malgin             Juuso Ikonen             Josh Ho-Sang             20     1   2  2  
 4 Dmitry Voronkov          Sampo Ranta              Valtteri Puustinen       10     1   2  2  

5 vs 5 Defense 
   Defense                  Defense                                           Time % Phy DF OF 
 1 Dakota Mermis            Matthew Finn                                      40     1   2  2  
 2 Noah Dobson              Marc Del Gaizo                                    30     1   2  2  
 3 Bowen Byram              Artemi Kniazev                                    20     1   2  2  
 4 Dakota Mermis            Matthew Finn                                      10     1   2  2  

PowerPlay Forward 
   Center                   Left Wing                Right Wing               Time % Phy DF OF 
 1 Jesperi Kotkaniemi       Matthew Boldy            Clayton Keller           60     0   2  3  
 2 Philipp Kurashev         Evan Rodrigues           Jesper Boqvist           40     0   2  3  

PowerPlay Defense
   Defense                  Defense                                           Time % Phy DF OF 
 1 Dakota Mermis            Matthew Finn                                      60     0   2  3  
 2 Noah Dobson              Marc Del Gaizo                                    40     0   2  3  

Penalty Kill 4 Players Forward 
   Center                   Wing                     Time % Phy DF OF 
 1 Denis Malgin             Evan Rodrigues           60     1   3  1  
 2 Jesperi Kotkaniemi       Sampo Ranta              40     1   3  1  

Penalty Kill 4 Players Defense
   Defense                  Defense                  Time % Phy DF OF 
 1 Dakota Mermis            Matthew Finn             60     1   3  1  
 2 Noah Dobson              Marc Del Gaizo           40     1   3  1  

Penalty Kill - 3 Players Forward 
   Forward                                           Time % Phy DF OF 
 1 Evan Rodrigues                                    60     1   3  1  
 2 Denis Malgin                                      40     1   3  1  

Penalty Kill - 3 Players Defense
   Defense                  Defense                  Time % Phy DF OF 
 1 Dakota Mermis            Matthew Finn             60     1   3  1  
 2 Noah Dobson              Marc Del Gaizo           40     1   3  1  

4 vs 4 Forward 
   Center                   Wing                     Time % Phy DF OF 
 1 Jesperi Kotkaniemi       Matthew Boldy            60     1   2  2  
 2 Philipp Kurashev         Evan Rodrigues           40     1   2  2  

4 vs 4 Defense
   Defense                  Defense                  Time % Phy DF OF 
 1 Dakota Mermis            Matthew Finn             60     1   2  2  
 2 Noah Dobson              Marc Del Gaizo           40     1   2  2  

Last Minutes Offensive
   Center                   Left Wing                Right Wing               Defense                  Defense                  
   Jesperi Kotkaniemi       Matthew Boldy            Clayton Keller           Dakota Mermis            Matthew Finn             

Last Minutes Defensive
   Center                   Left Wing                Right Wing               Defense                  Defense                  
   Denis Malgin             Evan Rodrigues           Clayton Keller           Dakota Mermis            Matthew Finn             

Goaltenders
Starting : Anthony Stolarz          
Backup : Spencer Knight           

Extra Forwards
Normal : Matthew Boldy, Philipp Kurashev, Denis Malgin - PP : Matthew Boldy, Philipp Kurashev - PK : Denis Malgin
Extra Defensemen
Normal : Dakota Mermis, Noah Dobson, Bowen Byram - PP : Dakota Mermis - PK : Matthew Finn, Dakota Mermis
Penalty Shots
Evan Rodrigues, Denis Malgin, Clayton Keller, Matthew Boldy, Philipp Kurashev
Custom OT Lines Forwards
Evan Rodrigues, Denis Malgin, Clayton Keller, Matthew Boldy, Philipp Kurashev, Jesper Boqvist, Dmitry Voronkov, Jesperi Kotkaniemi, Josh Ho-Sang, Sampo Ranta
Custom OT Lines Defensemen
Dakota Mermis, Matthew Finn, Noah Dobson, Marc Del Gaizo, Bowen Byram

Scratches
John Marino (Bruised Left Arm Injury), Kevin Stenlund (Healthy), Austin Strand (Healthy), Ryan MacInnis (Healthy), Sam Kurker (Healthy)
Jeff Malott (Back Spasms Injury), Adam Brooks (Healthy), Shawn Boudrias (Healthy), Ryan Johnson (Healthy), Nolan Foote (Healthy)
Zachary Bouthillier (Healthy)

% Time on Ice - Moose

Lines # - Real PCT - Wanted PCT - Time Play
Normal Forward
1 - 31% - 40% - 13:30
2 - 32% - 30% - 14:13
3 - 23% - 20% - 10:02
4 - 14% - 10% - 6:24
Normal Defense
1 - 41% - 40% - 18:13
2 - 32% - 30% - 14:15
3 - 23% - 20% - 10:15
4 - 3% - 10% - 1:26
PP Forward
1 - 46% - 60% - 2:51
2 - 54% - 40% - 3:21
PP Defense
1 - 60% - 60% - 3:44
2 - 40% - 40% - 2:28
PK Forward
1 - 70% - 60% - 6:48
2 - 30% - 40% - 2:51
PK Defense
1 - 65% - 60% - 6:16
2 - 35% - 40% - 3:23
PK3 Forward
1 - 0% - 60%
2 - 0% - 40%
PK3 Defense
1 - 0% - 60%
2 - 0% - 40%
44 Forward
1 - 0% - 60%
2 - 0% - 40%
44 Defense
1 - 0% - 60%
2 - 0% - 40%
Last Minute Offensive  - 0:00
Last Minute Defensive  - 0:00
Total
Forward - 60:00
Defense - 60:00

% Time on Ice - Penguins

Lines # - Real PCT - Wanted PCT - Time Play
Normal Forward
1 - 34% - 40% - 15:00
2 - 25% - 30% - 11:03
3 - 22% - 20% - 9:40
4 - 19% - 10% - 8:26
Normal Defense
1 - 40% - 40% - 17:40
2 - 30% - 30% - 13:05
3 - 28% - 20% - 12:15
4 - 3% - 10% - 1:09
PP Forward
1 - 55% - 60% - 5:18
2 - 45% - 40% - 4:21
PP Defense
1 - 60% - 60% - 5:50
2 - 40% - 40% - 3:49
PK Forward
1 - 78% - 60% - 4:52
2 - 22% - 40% - 1:20
PK Defense
1 - 66% - 60% - 4:06
2 - 34% - 40% - 2:06
PK3 Forward
1 - 0% - 60%
2 - 0% - 40%
PK3 Defense
1 - 0% - 60%
2 - 0% - 40%
44 Forward
1 - 0% - 60%
2 - 0% - 40%
44 Defense
1 - 0% - 60%
2 - 0% - 40%
Last Minute Offensive  - 0:00
Last Minute Defensive  - 0:00
Total
Forward - 60:00
Defense - 60:00

Play-by-Play

1st period


0:01 of 1st period - Jake Leschyshyn wins face-off versus Jesperi Kotkaniemi in neutral zone.
0:06 of 1st period - Snap shot by Jake Leschyshyn.
0:06 of 1st period - Shot Misses the Net.
0:08 of 1st period - Wrist shot by Nick Paul.
0:08 of 1st period - Stopped by Anthony Stolarz without a rebound.
0:09 of 1st period - Jake Leschyshyn wins face-off versus Jesperi Kotkaniemi in Penguins zone.
0:12 of 1st period - Snap shot by Nick Paul.
0:12 of 1st period - Shot Misses the Net.
0:20 of 1st period - Snap shot by Clayton Keller.
0:20 of 1st period - Stopped by Filip Gustavsson without a rebound.
0:21 of 1st period - Mitchell Stephens wins face-off versus Evan Rodrigues in Moose zone.
0:26 of 1st period - Snap shot by Boris Katchouk.
0:26 of 1st period - Stopped by Anthony Stolarz with a rebound.
0:32 of 1st period - Wrist shot by Boris Katchouk.
0:32 of 1st period - Stopped by Anthony Stolarz without a rebound.
0:33 of 1st period - Denis Malgin wins face-off versus Riley Damiani in Penguins zone.
0:44 of 1st period - Snap shot by Juuso Ikonen.
0:44 of 1st period - Goal by Juuso Ikonen - Moose : 0 - Penguins : 1.
0:45 of 1st period - Jaret Anderson-Dolan wins face-off versus Dmitry Voronkov in neutral zone.
1:18 of 1st period - Slapshot by Boris Katchouk.
1:18 of 1st period - Shot Misses the Net.
1:20 of 1st period - Slapshot by Nelson Nogier.
1:20 of 1st period - Stopped by Anthony Stolarz without a rebound.
1:21 of 1st period - Jesperi Kotkaniemi wins face-off versus Jake Leschyshyn in Penguins zone.
1:32 of 1st period - Snap shot by Clayton Keller.
1:32 of 1st period - Shot Misses the Net.
1:46 of 1st period - Snap shot by Nick Paul.
1:46 of 1st period - Goal by Nick Paul - Moose : 1 - Penguins : 1.
1:47 of 1st period - Axel Jonsson-Fjallby wins face-off versus Philipp Kurashev in neutral zone.
1:56 of 1st period - Snap shot by Axel Jonsson-Fjallby.
1:56 of 1st period - Shot Blocked by Matthew Finn.
1:58 of 1st period - Wrist shot by Axel Jonsson-Fjallby.
1:58 of 1st period - Shot Blocked by Evan Rodrigues.
2:00 of 1st period - Slapshot by Juuso Valimaki.
2:00 of 1st period - Deflect By Riley Damiani.
2:00 of 1st period - Shot Misses the Net.
2:00 of 1st period - Puck is out of play.
2:01 of 1st period - Mitchell Stephens wins face-off versus Jesperi Kotkaniemi in Penguins zone.
2:26 of 1st period - Matthew Finn is hit by Jake Leschyshyn and loses puck.
3:30 of 1st period - Snap shot by Nick Paul.
3:30 of 1st period - Deflect By Jake Leschyshyn.
3:30 of 1st period - Goal by Jake Leschyshyn - Moose : 2 - Penguins : 1.
3:31 of 1st period - Vinni Lettieri wins face-off versus Jesperi Kotkaniemi in neutral zone.
3:44 of 1st period - Snap shot by Clayton Keller.
3:44 of 1st period - Deflect By Nick Paul.
3:44 of 1st period - Stopped by Filip Gustavsson with a rebound.
3:56 of 1st period - Adam Ginning is hit by Denis Malgin and loses puck.
4:01 of 1st period - Snap shot by Denis Malgin.
4:01 of 1st period - Deflect By Juuso Ikonen.
4:01 of 1st period - Shot Blocked by Mitchell Stephens.
4:01 of 1st period - Puck is out of play.
4:02 of 1st period - Philipp Kurashev wins face-off versus Mitchell Stephens in Moose zone.
4:05 of 1st period - Wrist shot by Evan Rodrigues.
4:05 of 1st period - Stopped by Filip Gustavsson with a rebound.
4:11 of 1st period - Slapshot by Philipp Kurashev.
4:11 of 1st period - Stopped by Filip Gustavsson with a rebound.
4:27 of 1st period - Marc Del Gaizo is hit by Nick Paul and loses puck.
4:49 of 1st period - Off-side.
4:50 of 1st period - Riley Damiani wins face-off versus Denis Malgin in neutral zone.
4:53 of 1st period - Juuso Ikonen is hit by Adam Ginning and loses puck.
5:04 of 1st period - Slapshot by Lukas Rousek.
5:04 of 1st period - Deflect By Axel Jonsson-Fjallby.
5:04 of 1st period - Goal by Axel Jonsson-Fjallby - Moose : 3 - Penguins : 1.
5:05 of 1st period - Jake Leschyshyn wins face-off versus Clayton Keller in neutral zone.
5:16 of 1st period - Wrist shot by Nick Paul.
5:16 of 1st period - Stopped by Anthony Stolarz with a rebound.
5:18 of 1st period - Slapshot by Matthew Benning.
5:18 of 1st period - Shot Misses the Net.
5:20 of 1st period - Slapshot by Jake Leschyshyn.
5:20 of 1st period - Shot Hit the Post.
5:30 of 1st period - Matthew Benning is hit by Matthew Finn and loses puck.
6:01 of 1st period - Snap shot by Denis Malgin.
6:01 of 1st period - Shot Hit the Post.
6:35 of 1st period - Wrist shot by Boris Katchouk.
6:35 of 1st period - Shot Misses the Net.
6:37 of 1st period - Slapshot by Josh Mahura.
6:37 of 1st period - Deflect By Clayton Keller.
6:37 of 1st period - Stopped by Anthony Stolarz without a rebound.
6:38 of 1st period - Jake Leschyshyn wins face-off versus Jesperi Kotkaniemi in Penguins zone.
7:14 of 1st period - Snap shot by Philipp Kurashev.
7:14 of 1st period - Shot Misses the Net.
7:57 of 1st period - Noah Dobson is hit by Jaret Anderson-Dolan and loses puck.
8:37 of 1st period - Artemi Kniazev is hit by Nick Paul and loses puck.
8:46 of 1st period - Adam Ginning is hit by Dmitry Voronkov.
9:18 of 1st period - Sampo Ranta is hit by Jaret Anderson-Dolan.
9:40 of 1st period - Slapshot by Josh Mahura.
9:40 of 1st period - Shot Misses the Net.
9:50 of 1st period - Snap shot by Dmitry Voronkov.
9:50 of 1st period - Stopped by Filip Gustavsson with a rebound.
9:52 of 1st period - Snap shot by Sampo Ranta.
9:52 of 1st period - Shot Blocked by Nelson Nogier.
9:54 of 1st period - Snap shot by Artemi Kniazev.
9:54 of 1st period - Stopped by Filip Gustavsson without a rebound.
9:55 of 1st period - Logan O'Connor wins face-off versus Jesperi Kotkaniemi in Moose zone.
10:30 of 1st period - Wrist shot by Lukas Rousek.
10:30 of 1st period - Stopped by Anthony Stolarz with a rebound.
10:47 of 1st period - Snap shot by Matthew Boldy.
10:47 of 1st period - Stopped by Filip Gustavsson with a rebound.
10:59 of 1st period - Snap shot by Dakota Mermis.
10:59 of 1st period - Stopped by Filip Gustavsson with a rebound.
11:01 of 1st period - Minor Penalty to Logan O'Connor for Cross-checking.
11:02 of 1st period - Philipp Kurashev wins face-off versus Vinni Lettieri in Moose zone.
11:32 of 1st period - Jesperi Kotkaniemi is hit by Jake Leschyshyn and loses puck.
12:33 of 1st period - Boris Katchouk is hit by Juuso Ikonen and loses puck.
12:40 of 1st period - Snap shot by Denis Malgin.
12:40 of 1st period - Stopped by Filip Gustavsson with a rebound.
12:42 of 1st period - Slapshot by Dakota Mermis.
12:42 of 1st period - Deflect By Juuso Valimaki.
12:42 of 1st period - Goal by Dakota Mermis - Moose : 3 - Penguins : 2.
12:43 of 1st period - Denis Malgin wins face-off versus Mitchell Stephens in neutral zone.
12:54 of 1st period - Snap shot by Logan O'Connor.
12:54 of 1st period - Stopped by Anthony Stolarz with a rebound.
13:10 of 1st period - Jake Leschyshyn is hit by Philipp Kurashev and loses puck.
13:29 of 1st period - Wrist shot by Axel Jonsson-Fjallby.
13:29 of 1st period - Stopped by Anthony Stolarz without a rebound.
13:30 of 1st period - Riley Damiani wins face-off versus Matthew Boldy in Penguins zone.
14:35 of 1st period - Slapshot by Josh Mahura.
14:35 of 1st period - Deflect By Artemi Kniazev.
14:35 of 1st period - Stopped by Anthony Stolarz with a rebound.
14:37 of 1st period - Snap shot by Josh Mahura.
14:37 of 1st period - Deflect By Riley Damiani.
14:37 of 1st period - Stopped by Anthony Stolarz with a rebound.
14:43 of 1st period - Slapshot by Axel Jonsson-Fjallby.
14:43 of 1st period - Shot Blocked by Sampo Ranta.
14:45 of 1st period - Snap shot by Lukas Rousek.
14:45 of 1st period - Shot Blocked by Bowen Byram.
14:47 of 1st period - Snap shot by Axel Jonsson-Fjallby.
14:47 of 1st period - Stopped by Anthony Stolarz without a rebound.
14:48 of 1st period - Nick Paul wins face-off versus Jesperi Kotkaniemi in Penguins zone.
15:49 of 1st period - Wrist shot by Clayton Keller.
15:49 of 1st period - Shot Blocked by Logan O'Connor.
16:41 of 1st period - Wrist shot by Matthew Boldy.
16:41 of 1st period - Shot Misses the Net.
17:15 of 1st period - Wrist shot by Dakota Mermis.
17:15 of 1st period - Stopped by Filip Gustavsson without a rebound.
17:16 of 1st period - Jesperi Kotkaniemi wins face-off versus Riley Damiani in Moose zone.
17:19 of 1st period - Slapshot by Matthew Boldy.
17:19 of 1st period - Stopped by Filip Gustavsson without a rebound.
17:20 of 1st period - Jesperi Kotkaniemi wins face-off versus Jake Leschyshyn in Moose zone.
17:30 of 1st period - Minor Penalty to Jake Leschyshyn for Holding.
17:31 of 1st period - Jesperi Kotkaniemi wins face-off versus Nick Paul in Moose zone.
17:41 of 1st period - Snap shot by Matthew Boldy.
17:41 of 1st period - Shot Blocked by Matthew Benning.
17:43 of 1st period - Slapshot by Matthew Finn.
17:43 of 1st period - Stopped by Filip Gustavsson without a rebound.
17:44 of 1st period - Jesperi Kotkaniemi wins face-off versus Nick Paul in Moose zone.
17:51 of 1st period - Snap shot by Clayton Keller.
17:51 of 1st period - Shot Misses the Net.
17:55 of 1st period - Slapshot by Jesperi Kotkaniemi.
17:55 of 1st period - Stopped by Filip Gustavsson without a rebound.
17:56 of 1st period - Matthew Boldy wins face-off versus Nick Paul in Moose zone.
18:21 of 1st period - Juuso Valimaki is hit by Philipp Kurashev and loses puck.
19:30 of 1st period - Penalty to Jake Leschyshyn is over, Jake Leschyshyn is back on ice.
19:36 of 1st period - Wrist shot by Valtteri Puustinen.
19:36 of 1st period - Shot Misses the Net.
Goals for this period are 3 for Moose vs 2 for Penguins.
Shots for this period are 15 for Moose vs 15 for Penguins.

2nd period


0:01 of 2nd period - Jake Leschyshyn wins face-off versus Jesperi Kotkaniemi in neutral zone.
0:31 of 2nd period - Wrist shot by Philipp Kurashev.
0:31 of 2nd period - Stopped by Filip Gustavsson with a rebound.
0:33 of 2nd period - Slapshot by Matthew Finn.
0:33 of 2nd period - Shot Blocked by Boris Katchouk.
0:33 of 2nd period - Boris Katchouk from Moose is injured at 0:33 of 2nd period (Right Hand).
0:34 of 2nd period - Jake Leschyshyn wins face-off versus Jesperi Kotkaniemi in Moose zone.
1:00 of 2nd period - Mitchell Stephens is hit by Jesper Boqvist and loses puck.
1:25 of 2nd period - Wrist shot by Valtteri Puustinen.
1:25 of 2nd period - Stopped by Filip Gustavsson with a rebound.
1:29 of 2nd period - Snap shot by Valtteri Puustinen.
1:29 of 2nd period - Deflect By Dmitry Voronkov.
1:29 of 2nd period - Shot Misses the Net.
1:29 of 2nd period - Puck is out of play.
1:30 of 2nd period - Jake Leschyshyn wins face-off versus Dmitry Voronkov in Moose zone.
1:30 of 2nd period - Jake Leschyshyn is hit by Sampo Ranta.
1:42 of 2nd period - Snap shot by Sampo Ranta.
1:42 of 2nd period - Stopped by Filip Gustavsson with a rebound.
2:03 of 2nd period - Icing by Nelson Nogier.
2:04 of 2nd period - Riley Damiani wins face-off versus Jesperi Kotkaniemi in Moose zone.
2:11 of 2nd period - Nelson Nogier is hit by Clayton Keller and loses puck.
2:42 of 2nd period - Slapshot by Axel Jonsson-Fjallby.
2:42 of 2nd period - Shot Blocked by Matthew Finn.
2:44 of 2nd period - Slapshot by Nelson Nogier.
2:44 of 2nd period - Stopped by Anthony Stolarz with a rebound.
2:46 of 2nd period - Wrist shot by Nelson Nogier.
2:46 of 2nd period - Stopped by Anthony Stolarz without a rebound.
2:47 of 2nd period - Jake Leschyshyn wins face-off versus Philipp Kurashev in Penguins zone.
3:12 of 2nd period - Logan O'Connor is hit by Noah Dobson and loses puck.
3:19 of 2nd period - Snap shot by Denis Malgin.
3:19 of 2nd period - Stopped by Filip Gustavsson with a rebound.
3:21 of 2nd period - Wrist shot by Denis Malgin.
3:21 of 2nd period - Stopped by Filip Gustavsson without a rebound.
3:22 of 2nd period - Denis Malgin wins face-off versus Jake Leschyshyn in Moose zone.
3:48 of 2nd period - Mitchell Stephens is hit by Evan Rodrigues and loses puck.
4:38 of 2nd period - Off-side.
4:39 of 2nd period - Jesperi Kotkaniemi wins face-off versus Jake Leschyshyn in neutral zone.
4:48 of 2nd period - Wrist shot by Matthew Boldy.
4:48 of 2nd period - Shot Misses the Net.
5:25 of 2nd period - Off-side.
5:26 of 2nd period - Mitchell Stephens wins face-off versus Josh Ho-Sang in neutral zone.
5:29 of 2nd period - Slapshot by Juuso Valimaki.
5:29 of 2nd period - Deflect By Logan O'Connor.
5:29 of 2nd period - Shot Blocked by Dakota Mermis.
5:29 of 2nd period - Puck is out of play.
5:30 of 2nd period - Clayton Keller wins face-off versus Jake Leschyshyn in Penguins zone.
6:18 of 2nd period - Josh Mahura is hit by Valtteri Puustinen and loses puck.
6:43 of 2nd period - Juuso Ikonen is hit by Nelson Nogier and loses puck.
7:51 of 2nd period - Wrist shot by Juuso Ikonen.
7:51 of 2nd period - Stopped by Filip Gustavsson without a rebound.
7:52 of 2nd period - Jesperi Kotkaniemi wins face-off versus Riley Damiani in Moose zone.
8:24 of 2nd period - Slapshot by Denis Malgin.
8:24 of 2nd period - Stopped by Filip Gustavsson without a rebound.
8:25 of 2nd period - Denis Malgin wins face-off versus Mitchell Stephens in Moose zone.
8:40 of 2nd period - Snap shot by Juuso Ikonen.
8:40 of 2nd period - Shot Misses the Net.
8:42 of 2nd period - Snap shot by Denis Malgin.
8:42 of 2nd period - Shot Misses the Net.
9:04 of 2nd period - Josh Ho-Sang is hit by Jake Leschyshyn and loses puck.
9:29 of 2nd period - Minor Penalty to Matthew Boldy for Boarding.
9:30 of 2nd period - Denis Malgin wins face-off versus Mitchell Stephens in Penguins zone.
9:30 of 2nd period - Denis Malgin is hit by Juuso Valimaki.
9:44 of 2nd period - Wrist shot by Axel Jonsson-Fjallby.
9:44 of 2nd period - Goal by Axel Jonsson-Fjallby - Moose : 4 - Penguins : 2.
9:44 of 2nd period - Spencer Knight enters game.
9:45 of 2nd period - Jesperi Kotkaniemi wins face-off versus Jake Leschyshyn in neutral zone.
10:00 of 2nd period - Slapshot by Matthew Boldy.
10:00 of 2nd period - Shot Misses the Net.
10:15 of 2nd period - Slapshot by Juuso Ikonen.
10:15 of 2nd period - Stopped by Filip Gustavsson with a rebound.
10:17 of 2nd period - Slapshot by Noah Dobson.
10:17 of 2nd period - Shot Misses the Net.
10:19 of 2nd period - Slapshot by Noah Dobson.
10:19 of 2nd period - Stopped by Filip Gustavsson with a rebound.
10:29 of 2nd period - Minor Penalty to Juuso Valimaki for Slashing.
10:30 of 2nd period - Nick Paul wins face-off versus Jesperi Kotkaniemi in Moose zone.
10:57 of 2nd period - Nelson Nogier is hit by Matthew Finn and loses puck.
12:12 of 2nd period - Josh Mahura is hit by Dakota Mermis and loses puck.
12:29 of 2nd period - Penalty to Juuso Valimaki is over, Juuso Valimaki is back on ice.
12:35 of 2nd period - Backhand shot by Matthew Finn.
12:35 of 2nd period - Stopped by Filip Gustavsson without a rebound.
12:36 of 2nd period - Riley Damiani wins face-off versus Juuso Ikonen in Moose zone.
12:49 of 2nd period - Snap shot by Juuso Ikonen.
12:49 of 2nd period - Stopped by Filip Gustavsson with a rebound.
12:51 of 2nd period - Slapshot by Bowen Byram.
12:51 of 2nd period - Stopped by Filip Gustavsson without a rebound.
12:52 of 2nd period - Jesperi Kotkaniemi wins face-off versus Mitchell Stephens in Moose zone.
13:02 of 2nd period - Wrist shot by Clayton Keller.
13:02 of 2nd period - Shot Misses the Net.
13:16 of 2nd period - Josh Mahura is hit by Jesper Boqvist and loses puck.
13:37 of 2nd period - Slapshot by Sampo Ranta.
13:37 of 2nd period - Stopped by Filip Gustavsson with a rebound.
13:55 of 2nd period - Minor Penalty to Nelson Nogier for Roughing.
13:56 of 2nd period - Jesperi Kotkaniemi wins face-off versus Nick Paul in Moose zone.
13:57 of 2nd period - Wrist shot by Clayton Keller.
13:57 of 2nd period - Goal by Clayton Keller - Moose : 4 - Penguins : 3.
13:58 of 2nd period - Jake Leschyshyn wins face-off versus Jesperi Kotkaniemi in neutral zone.
14:13 of 2nd period - Snap shot by Jake Leschyshyn.
14:13 of 2nd period - Stopped by Spencer Knight with a rebound.
15:03 of 2nd period - Wrist shot by Philipp Kurashev.
15:03 of 2nd period - Stopped by Filip Gustavsson with a rebound.
15:13 of 2nd period - Snap shot by Axel Jonsson-Fjallby.
15:13 of 2nd period - Stopped by Spencer Knight with a rebound.
15:17 of 2nd period - Snap shot by Logan O'Connor.
15:17 of 2nd period - Shot Blocked by Matthew Finn.
15:19 of 2nd period - Backhand shot by Nelson Nogier.
15:19 of 2nd period - Shot Misses the Net.
15:21 of 2nd period - Snap shot by Logan O'Connor.
15:21 of 2nd period - Goal by Logan O'Connor - Moose : 5 - Penguins : 3.
15:22 of 2nd period - Jesperi Kotkaniemi wins face-off versus Jake Leschyshyn in neutral zone.
15:37 of 2nd period - Wrist shot by Nick Paul.
15:37 of 2nd period - Stopped by Spencer Knight without a rebound.
15:38 of 2nd period - Denis Malgin wins face-off versus Jake Leschyshyn in Penguins zone.
16:03 of 2nd period - Matthew Boldy is hit by Axel Jonsson-Fjallby.
16:12 of 2nd period - Off-side.
16:13 of 2nd period - Jaret Anderson-Dolan wins face-off versus Evan Rodrigues in neutral zone.
16:45 of 2nd period - Slapshot by Dakota Mermis.
16:45 of 2nd period - Stopped by Filip Gustavsson without a rebound.
16:46 of 2nd period - Mitchell Stephens wins face-off versus Jesperi Kotkaniemi in Moose zone.
16:48 of 2nd period - Icing by Juuso Valimaki.
16:49 of 2nd period - Mitchell Stephens wins face-off versus Jesperi Kotkaniemi in Moose zone.
16:59 of 2nd period - Marc Del Gaizo is hit by Juuso Valimaki and loses puck.
17:14 of 2nd period - Matthew Benning is hit by Marc Del Gaizo and loses puck.
17:51 of 2nd period - Minor Penalty to Josh Ho-Sang for Roughing.
17:52 of 2nd period - Denis Malgin wins face-off versus Jake Leschyshyn in Penguins zone.
17:52 of 2nd period - Denis Malgin is hit by Nick Paul.
18:08 of 2nd period - Denis Malgin is hit by Jake Leschyshyn and loses puck.
19:04 of 2nd period - Nick Paul is hit by Jesperi Kotkaniemi and loses puck.
19:45 of 2nd period - Lukas Rousek is hit by Juuso Ikonen and loses puck.
19:51 of 2nd period - Penalty to Josh Ho-Sang is over, Josh Ho-Sang is back on ice.
Goals for this period are 2 for Moose vs 1 for Penguins.
Shots for this period are 7 for Moose vs 16 for Penguins.

3rd period


0:01 of 3rd period - Jake Leschyshyn wins face-off versus Jesperi Kotkaniemi in neutral zone.
0:24 of 3rd period - Minor Penalty to Nick Paul for Tripping.
0:25 of 3rd period - Aliaksei Protas wins face-off versus Jesperi Kotkaniemi in Moose zone.
1:45 of 3rd period - Icing by Jesperi Kotkaniemi.
1:46 of 3rd period - Jesperi Kotkaniemi wins face-off versus Aliaksei Protas in Penguins zone.
2:24 of 3rd period - Penalty to Nick Paul is over, Nick Paul is back on ice.
2:51 of 3rd period - Snap shot by Logan O'Connor.
2:51 of 3rd period - Stopped by Spencer Knight with a rebound.
2:53 of 3rd period - Slapshot by Logan O'Connor.
2:53 of 3rd period - Shot Blocked by Valtteri Puustinen.
2:55 of 3rd period - Snap shot by Mitchell Stephens.
2:55 of 3rd period - Deflect By Logan O'Connor.
2:55 of 3rd period - Goal by Logan O'Connor - Moose : 6 - Penguins : 3.
2:56 of 3rd period - Mitchell Stephens wins face-off versus Philipp Kurashev in neutral zone.
3:11 of 3rd period - Wrist shot by Logan O'Connor.
3:11 of 3rd period - Deflect By Evan Rodrigues.
3:11 of 3rd period - Shot Blocked by Dakota Mermis.
3:11 of 3rd period - Puck is out of play.
3:12 of 3rd period - Jake Leschyshyn wins face-off versus Jesperi Kotkaniemi in Penguins zone.
3:37 of 3rd period - Mitchell Stephens is hit by Philipp Kurashev and loses puck.
3:45 of 3rd period - Minor Penalty to Juuso Valimaki for Roughing.
3:46 of 3rd period - Nick Paul wins face-off versus Jesperi Kotkaniemi in Moose zone.
4:12 of 3rd period - Matthew Finn is hit by Logan O'Connor and loses puck.
5:40 of 3rd period - Jake Leschyshyn is hit by Josh Ho-Sang and loses puck.
5:45 of 3rd period - Penalty to Juuso Valimaki is over, Juuso Valimaki is back on ice.
5:47 of 3rd period - Slapshot by Juuso Valimaki.
5:47 of 3rd period - Shot Blocked by Marc Del Gaizo.
5:49 of 3rd period - Wrist shot by Juuso Valimaki.
5:49 of 3rd period - Stopped by Spencer Knight without a rebound.
5:50 of 3rd period - Denis Malgin wins face-off versus Riley Damiani in Penguins zone.
6:42 of 3rd period - Matthew Finn is hit by Josh Mahura and loses puck.
7:03 of 3rd period - Wrist shot by Clayton Keller.
7:03 of 3rd period - Stopped by Filip Gustavsson with a rebound.
7:27 of 3rd period - Noah Dobson is hit by Joey Keane and loses puck.
8:27 of 3rd period - Adam Ginning is hit by Marc Del Gaizo and loses puck.
8:54 of 3rd period - Vinni Lettieri is hit by Valtteri Puustinen and loses puck.
9:15 of 3rd period - Riley Damiani is hit by Denis Malgin and loses puck.
9:30 of 3rd period - Snap shot by Philipp Kurashev.
9:30 of 3rd period - Goal by Philipp Kurashev - Moose : 6 - Penguins : 4.
9:31 of 3rd period - Jake Leschyshyn wins face-off versus Matthew Boldy in neutral zone.
10:30 of 3rd period - Wrist shot by Philipp Kurashev.
10:30 of 3rd period - Stopped by Filip Gustavsson without a rebound.
10:31 of 3rd period - Riley Damiani wins face-off versus Jesperi Kotkaniemi in Moose zone.
10:31 of 3rd period - Riley Damiani is hit by Dakota Mermis.
11:02 of 3rd period - Snap shot by Logan O'Connor.
11:02 of 3rd period - Goal by Logan O'Connor - Moose : 7 - Penguins : 4.
11:03 of 3rd period - Jesperi Kotkaniemi wins face-off versus Nick Paul in neutral zone.
11:05 of 3rd period - Minor Penalty to Jesperi Kotkaniemi for Hooking.
11:06 of 3rd period - Denis Malgin wins face-off versus Nick Paul in Penguins zone.
11:43 of 3rd period - Slapshot by Axel Jonsson-Fjallby.
11:43 of 3rd period - Stopped by Spencer Knight with a rebound.
13:05 of 3rd period - Penalty to Jesperi Kotkaniemi is over, Jesperi Kotkaniemi is back on ice.
13:59 of 3rd period - Wrist shot by Jesper Boqvist.
13:59 of 3rd period - Shot Blocked by Adam Ginning.
14:15 of 3rd period - Slapshot by Dmitry Voronkov.
14:15 of 3rd period - Stopped by Filip Gustavsson with a rebound.
14:17 of 3rd period - Snap shot by Sampo Ranta.
14:17 of 3rd period - Stopped by Filip Gustavsson with a rebound.
14:19 of 3rd period - Slapshot by Marc Del Gaizo.
14:19 of 3rd period - Stopped by Filip Gustavsson without a rebound.
14:20 of 3rd period - Jake Leschyshyn wins face-off versus Dmitry Voronkov in Moose zone.
14:43 of 3rd period - Nick Paul is hit by Clayton Keller and loses puck.
15:23 of 3rd period - Slapshot by Joey Keane.
15:23 of 3rd period - Stopped by Spencer Knight without a rebound.
15:24 of 3rd period - Denis Malgin wins face-off versus Riley Damiani in Penguins zone.
15:51 of 3rd period - Icing by Axel Jonsson-Fjallby.
15:52 of 3rd period - Riley Damiani wins face-off versus Philipp Kurashev in Moose zone.
15:52 of 3rd period - Riley Damiani is hit by Evan Rodrigues.
15:59 of 3rd period - Off-side.
16:00 of 3rd period - Jesperi Kotkaniemi wins face-off versus Jake Leschyshyn in neutral zone.
16:07 of 3rd period - Snap shot by Vinni Lettieri.
16:07 of 3rd period - Stopped by Spencer Knight with a rebound.
16:09 of 3rd period - Snap shot by Nick Paul.
16:09 of 3rd period - Stopped by Spencer Knight without a rebound.
16:10 of 3rd period - Jesperi Kotkaniemi wins face-off versus Jake Leschyshyn in Penguins zone.
16:24 of 3rd period - Minor Penalty to Jesperi Kotkaniemi for Hooking.
16:25 of 3rd period - Denis Malgin wins face-off versus Jake Leschyshyn in Penguins zone.
16:39 of 3rd period - Slapshot by Juuso Valimaki.
16:39 of 3rd period - Shot Blocked by Dakota Mermis.
16:41 of 3rd period - Slapshot by Jake Leschyshyn.
16:41 of 3rd period - Deflect By Nick Paul.
16:41 of 3rd period - Shot Misses the Net.
16:41 of 3rd period - Puck is out of play.
16:42 of 3rd period - Jake Leschyshyn wins face-off versus Denis Malgin in Penguins zone.
18:02 of 3rd period - Dakota Mermis is hit by Vinni Lettieri and loses puck.
18:24 of 3rd period - Penalty to Jesperi Kotkaniemi is over, Jesperi Kotkaniemi is back on ice.
19:37 of 3rd period - Slapshot by Dmitry Voronkov.
19:37 of 3rd period - Shot Blocked by Adam Ginning.
19:39 of 3rd period - Slapshot by Marc Del Gaizo.
19:39 of 3rd period - Stopped by Filip Gustavsson with a rebound.
19:41 of 3rd period - Wrist shot by Sampo Ranta.
19:41 of 3rd period - Shot Misses the Net.
Goals for this period are 2 for Moose vs 1 for Penguins.
Shots for this period are 8 for Moose vs 7 for Penguins.